 Dungeon Crawl Stone Soup version 0.19-a0-36-g4a0968a (webtiles) character file.

875045 epen the Wrestler (level 27, -1/242 (244) HPs)
             Began as a Ghoul Monk on May 2, 2016.
             Was a High Priest of Cheibriados.
             Killed from afar by Lom Lobon (36 damage)
             ... with a great icy blast
             ... in Pandemonium on May 3, 2016.
             The game lasted 04:51:19 (79456 turns).

epen the Wrestler (Ghoul Monk)                     Turns: 79456, Time: 04:51:20

HP:   -1/242 (244)  AC: 46    Str: 41    XL:     27
MP:   18/35         EV: 37    Int: 28    God:    Cheibriados [*****.]
Gold: 6461          SH: 31    Dex: 41    Spells: 3 memorised, 35 levels left

rFire  + + .     SeeInvis +       - Unarmed
rCold  + + +     Gourm    .     m - +11 gold dragon armour
rNeg   + + +     Faith    .     v - +0 large shield {AC+3}
rPois  ∞         Spirit   .     X - +0 helmet of the Farrier {+Fly Int+3 Dex+3 SInv}
rElec  +         Dismiss  .     P - +2 cloak of Starlight {rElec rC+ EV+4 Stlth--}
rCorr  .         Reflect  +     (no gloves)
SustAt .         Harm     .     G - +2 pair of boots
MR     ++...                    k - amulet of Efuipneo {Reflect +Inv rElec rPois Int+3 SH+5}
Stlth  ..........               Q - ring of Gacre {rF+ rN+ Str-4 Dex+5 SInv}
                                U - ring of Doubts {rElec Str+3 Int+4}

@: mighty, agile, flying (expiring), rotting, very slow, very resistant to
hostile enchantments, extremely unstealthy
A: rotting body, claws 1, carnivore 3, cold resistance 1, negative energy
resistance 3, slow regeneration 1, torment resistance, unbreathing
a: Bend Time, Temporal Distortion, Slouch, Step From Time, Renounce Religion,
Evoke Invisibility
}: 8/15 runes: serpentine, barnacled, slimy, abyssal, glowing, magical, fiery,
dark


You were in Pandemonium.
You worshipped Cheibriados.
Cheibriados was extremely pleased with you.
You were not hungry.

You visited 10 branches of the dungeon, and saw 51 of its levels.
You visited Pandemonium 1 time, and saw 23 of its levels.
You visited the Abyss 7 times.
You visited 1 bazaar.
You visited 1 ziggurat, and saw 10 of its levels.
You also visited: Labyrinth, Ossuary and Wizlab.

You collected 9111 gold pieces.
You spent 2650 gold pieces at shops.

Inventory:

Armour
 m - a +11 gold dragon armour (worn)
 v - a +0 large shield of protection (worn)
 A - a +0 shield of reflection
 G - a +2 pair of boots (worn)
 P - the +2 cloak of Starlight (worn) {rElec rC+ EV+4 Stlth--}
   (You found it on level 15 of the Dungeon)

   It affects your evasion (+4).
   It protects you from cold.
   It insulates you from electricity.
   It makes you much less stealthy.
 X - the +0 helmet of the Farrier (worn) {+Fly Int+3 Dex+3 SInv}
   (You found it on level 4 of a ziggurat)

   It affects your intelligence (+3).
   It affects your dexterity (+3).
   It lets you see invisible.
   It lets you fly.
Magical Staves
 L - an uncursed staff of wizardry
Jewellery
 k - the amulet of Efuipneo (around neck) {Reflect +Inv rElec rPois Int+3 SH+5}
   (You found it in a labyrinth)

   [amulet of reflection]

   It shields you and reflects attacks.
   It affects your intelligence (+3).
   It insulates you from electricity.
   It protects you from poison.
   It lets you turn invisible.
   It affects your SH (+5).
 y - an uncursed ring of resist corrosion
 Q - the ring of Gacre (right claw) {rF+ rN+ Str-4 Dex+5 SInv}
   (You found it on level 3 of the Depths)

   [ring of positive energy]

   It affects your strength (-4).
   It affects your dexterity (+5).
   It protects you from fire.
   It protects you from negative energy.
   It lets you see invisible.
 U - the ring of Doubts (left claw) {rElec Str+3 Int+4}
   (You found it on level 5 of a ziggurat)

   [ring of strength]

   It affects your strength (+3).
   It affects your intelligence (+4).
   It insulates you from electricity.
Wands
 c - a wand of teleportation (0/9)
 H - a wand of teleportation (3/9)
 K - a wand of digging (8/24)
 S - a wand of digging (10/24)
 Z - a wand of disintegration (11/24)
Scrolls
 e - 4 scrolls of identify
 j - 5 scrolls of blinking
 l - a scroll of brand weapon
 o - 6 scrolls of recharging
 r - 7 scrolls of fear
 s - 10 scrolls of enchant weapon
 t - 12 scrolls of teleportation
 z - 27 scrolls of remove curse
 D - 5 scrolls of silence
 E - 7 scrolls of amnesia
 F - 13 scrolls of fog
 I - a scroll of enchant armour
 N - 4 scrolls of summoning
 V - a scroll of torment
 W - 3 scrolls of magic mapping
Potions
 a - a potion of might
 d - 3 potions of heal wounds
 g - 14 potions of flight
 i - 29 potions of curing
 n - 4 potions of magic
 q - 4 potions of resistance
 w - 9 potions of brilliance
 B - 2 potions of agility
 C - 7 potions of ambrosia
 O - a potion of cancellation
 T - a potion of invisibility
Books
 u - a book of Air

   Spells                             Type                      Level
   a - Shock                          Conjuration/Air              1
   b - Swiftness                      Charms/Air                   2
   c - Repel Missiles                 Charms/Air                   2
   d - Static Discharge               Conjuration/Air              3
   e - Lightning Bolt                 Conjuration/Air              5
 R - a book of the Sky

   Spells                             Type                      Level
   a - Summon Lightning Spire         Summoning/Air                4
   b - Airstrike                      Air                          4
   c - Silence                        Hexes/Air                    5
   d - Deflect Missiles               Charms/Air                   6
   e - Conjure Ball Lightning         Conjuration/Air              6
   f - Tornado                        Air                          9
Miscellaneous
 f - a fan of gales
 p - a box of beasts
 x - a box of beasts {used: 2}
 Y - a legendary deck of war
Comestibles
 b - 30 meat rations
 h - 10 slices of pizza
 J - 14 royal jellies
 M - 7 beef jerkies


   Skills:
 + Level 19.4 Fighting
 * Level 19.2 Armour
 + Level 18.2 Dodging
 - Level 2.1 Stealth
 + Level 14.5 Shields
 * Level 24.0 Unarmed Combat
 - Level 9.1 Spellcasting
 - Level 16.5 Charms
 - Level 10.9 Translocations
 - Level 15.3 Air Magic
 - Level 18.6 Invocations
 * Level 15.2 Evocations


You had 35 spell levels left.
You knew the following spells:

 Your Spells              Type           Power        Failure   Level  Hunger
a - Summon Butterflies    Summ           ##......     92%         1    None
b - Deflect Missiles      Chrm/Air       #######...   24%         6    #####..
c - Blink                 Tloc           N/A          1%          2    None


Dungeon Overview and Level Annotations

Branches:
Dungeon (15/15)            Temple (1/1) D:4            Lair (8/8) D:10
 Shoals (4/4) Lair:3        Snake (4/4) Lair:3        Slime (6/6) Lair:8
    Orc (2/2) D:12            Elf (3/3) Orc:2        Vaults (3/5) D:13
  Crypt (0/3) Vaults:2     Depths (5/5) D:15            Zot (0/5) Depths:5

Altars:
Ashenzari
Cheibriados
Elyvilon
Fedhas
Gozag
Kikubaaqudgha
Makhleb
Nemelex Xobeh
Okawaru
Pakellas
Qazlal
Ru
Sif Muna
Trog
Vehumet
Xom
Yredelemnul
Zin
The Shining One
Beogh
Jiyva

Shops:
D:7 %   D:9 ?   D:13 [   Orc:1 %(((:   Orc:2 ?*!*   Shoals:1 %   Shoals:4 *

Portals:
Hell: Depths:1 Depths:2 Depths:3 Depths:4 Depths:5
Abyss: Depths:4
Pandemonium: Depths:1 Depths:3

Annotations:
Elf:2 3 runed doors
Pan Lom Lobon


Innate Abilities, Weirdness & Mutations

Your body is rotting away.
You thrive on raw meat.
You are immune to poison.
You have sharp fingernails.
You are carnivorous and can eat meat at any time.
Your flesh is cold resistant.
You are immune to negative energy.
You regenerate slowly when monsters are visible.
You are immune to unholy pain and torment.
You can survive without breathing.


Message History

Lom Lobon gestures at you.
Lom Lobon conjures a mighty blast of ice!
The great icy blast engulfs you! You partially resist.
* * * LOW HITPOINT WARNING * * *
You are encased in ice.
Unknown command.
You are engulfed in freezing vapours.
You resist.
* * * LOW HITPOINT WARNING * * *
Lom Lobon gestures.
A great vortex of raging winds appears around Lom Lobon!
You block Lom Lobon's attack. x2
The ice encasing you melts away.
The vortex of raging winds lifts you up.
You fly up into the air.
* * * LOW HITPOINT WARNING * * *
x2 Lom Lobon closely misses you.
Lom Lobon gestures at you.
Lom Lobon conjures a mighty blast of ice!
The great icy blast engulfs you! You partially resist.
You die...

#############..############
..........................#
§.........................#
§##########...............#
§# #...............#
.##########..§§§§§§§§§%...#
§............§§§§§§§§§....#
§.......))...§§§§§§§§§....#
....[...[)3..§§§@§§§§§....#
....))..[....§§§§&§§§§§§..#
.............§§§§§§§§§§§..#
.............§§§§§§§§§§§..#
.....%.......§§§§§§§§§§§..#
#####.#####..##############
#.# #..# ... .... .....


You could see Lom Lobon and a sun demon.

Vanquished Creatures
  Cerebov (Pan)
  the Royal Jelly (Slime:6)
  Gloorx Vloq (Pan)
  Mnoleg (Pan)
  2 orbs of fire (Zig:10)
  3 juggernauts
  Mennas (Pan)
  12 pandemonium lords (Pan)
  Sojobo (Depths:1)
  A profane servitor (Pan)
  3 golden dragons
  Nikola (Depths:1)
  4 Tzitzimimeh (Pan)
  5 bone dragons
  A Hellbinder (WizLab)
  3 Hell Sentinels (Pan)
  7 Brimstone Fiends (Pan)
  3 Ice Fiends (Pan)
  3 tentacled monstrosities
  5 liches
  Rupert (Lair:7)
  26 Executioners (Pan)
  2 deep elf master archers
  A quicksilver dragon (Zig:9)
  4 deep elf blademasters
  17 acid blobs
  Polyphemus (Shoals:4)
  A kraken (Shoals:4)
  14 tentacled starspawn
  Agnes (Snake:2)
  3 sphinxes
  Kirke (Shoals:3)
  3 shadow dragons
  Ilsuiw (Shoals:4)
  An eldritch tentacle (Pan)
  Donald (D:13)
  10 azure jellies
  5 storm dragons
  6 tengu reavers
  9 frost giants
  A draconian monk (Depths:5)
  10 greater nagas
  9 blood saints (Pan)
  Maud (Orc:2)
  9 fire giants
  A draconian scorcher (Depths:5)
  11 deep elf sorcerers
  42 cacodemons
  2 draconian knights
  3 chaos champions (Pan)
  36 balrugs
  8 vault wardens
  Aizul (Vaults:2)
  5 corrupters (Pan)
  An iron dragon (Zig:9)
  2 curse skulls (Pan)
  16 ironheart preservers
  2 orc warlords
  A ghoul (Vaults:2)
  9 deep elf elementalists
  An angel (Depths:5)
  2 spriggan defenders
  10 reapers
  10 warmongers (Pan)
  A draconian annihilator (Pan)
  13 stone giants
  19 very ugly things
  3 vampire knights
  Nessos (Lair:6)
  8 deep elf demonologists
  11 deep elf annihilators
  Azrael (D:13)
  A mottled draconian (Depths:5)
  2 white draconians
  A salamander stormcaller (Abyss:3)
  A green draconian (Depths:5)
  5 black suns (Pan)
  4 merfolk javelineers
  28 lorocyprocas
  A yellow draconian (Depths:5)
  16 blizzard demons
  A quicksilver dragon zombie (Abyss:3)
  12 green deaths (Pan)
  11 spark wasps
  3 vault guards (Vaults:1)
  9 merfolk impalers
  An eidolon (Abyss:4)
  14 death oozes
  11 deep elf death magi
  Snorg (Orc:1)
  6 ettins
  17 fire dragons
  10 great orbs of eyes
  A minotaur (Lab)
  9 deep elf high priests (Elf:3)
  A great orb of eyes (shapeshifter) (Elf:3)
  6 entropy weavers
  10 monstrous demonspawn (Pan)
  9 rakshasas
  12 yaktaur captains
  7 ice dragons
  9 spriggan air magi
  15 naga warriors
  11 hydras
  5 hell beasts
  3 merfolk avatars
  5 merfolk aquamancers
  2 alligator snapping turtles
  7 deep troll shamans
  2 satyrs (Shoals:4)
  17 anacondas
  14 dancing weapons
  2 catoblepae
  16 centaur warriors
  An alligator (Zig:6)
  3 death knights
  8 ogre magi
  46 starcursed masses
  8 deep troll earth magi
  11 tengu warriors
  5 spriggan berserkers
  A titan zombie (Depths:4)
  72 sun demons
  19 thrashing horrors (Abyss:3)
  2 vampire magi
  5 death yaks
  7 shock serpents
  9 orc high priests
  2 hell hogs
  10 wretched stars
  8 iron trolls
  11 naga sharpshooters
  20 deep elf knights
  4 hell knights (Depths:3)
  4 titan skeletons
  3 spatial maelstroms
  3 salamander mystics
  A fire crab (Vaults:3)
  25 soul eaters
  2 skeletal warriors
  12 unseen horrors
  A fire crab (shapeshifter) (Vaults:2)
  3 death drakes (Zig:9)
  4 flayed ghosts
  4 wizards
  19 sea snakes
  9 shadow wraiths
  6 shadow demons (Pan)
  32 deep trolls
  A cherub (Pan)
  2 swamp dragons
  9 giant orange brains
  10 putrid demonspawn (Pan)
  3 phantasmal warriors
  3 tengu zombies
  19 deep elf archers
  A shambling mangrove (Zig:6)
  15 torturous demonspawn (Pan)
  8 naga ritualists
  11 gelid demonspawn (Pan)
  12 infernal demonspawn (Pan)
  11 ironbrand convokers
  An orange crystal statue (Vaults:3)
  An anaconda skeleton (Pan)
  28 orc knights
  45 harpies
  14 hill giants
  5 necromancers
  68 deep elf magi
  A harpy (shapeshifter) (Vaults:2)
  11 mana vipers
  A shadow dragon skeleton (Vaults:3)
  An iron dragon zombie (Abyss:3)
  12 griffons
  4 shining eyes
  2 moths of wrath (Zig:4)
  4 wolf spiders
  8 cyclopes
  4 worldbinders (Abyss:3)
  11 manticores
  8 orc sorcerers
  2 salamanders (shapeshifter)
  A frost giant skeleton (Vaults:3)
  6 fauns (Shoals:3)
  42 sixfirhies
  22 ugly things
  A moth of wrath (shapeshifter) (D:15)
  2 stone giant skeletons
  A hornet (Vaults:2)
  14 salamanders
  9 sirens
  20 elephants
  2 apocalypse crabs (Abyss:3)
  8 vault sentinels
  6 rust devils
  50 black mambas
  2 torpor snails (Lair:7)
  An ice statue (Shoals:4)
  Joseph (D:7)
  3 guardian serpents
  9 centaur skeletons
  2 eyes of devastation
  39 smoke demons
  58 orange demons
  16 naga magi
  8 water nymphs
  A yaktaur zombie (Vaults:3)
  A dire elephant skeleton (Abyss:2)
  13 efreet
  4 rime drakes
  2 komodo dragons (shapeshifter)
  12 spiny frogs
  10 tormentors
  20 demonic crawlers (Pan)
  7 hellions
  A kobold demonologist (D:15)
  A human skeleton (Vaults:3)
  8 ice devils
  60 yaktaurs
  16 hellwings
  A yellow draconian skeleton (Pan)
  11 komodo dragons
  7 freezing wraiths
  A yaktaur skeleton (Vaults:3)
  7 tengu conjurers
  A spriggan druid (Lair:8)
  13 wind drakes
  27 merfolk
  15 ancient zymes (Abyss:3)
  5 polar bears
  40 red devils
  16 trolls
  3 hydra skeletons
  3 bog bodies (Zig:6)
  2 jumping spiders
  20 two-headed ogres
  78 slime creatures
  12 snapping turtles
  A harpy skeleton (Pan)
  9 raiju
  63 large abominations
  3 boulder beetles
  2 stone giant simulacra
  13 blink frogs
  A hornet zombie (D:14)
  A fire dragon zombie (Abyss:3)
  2 spriggan zombies
  A frost giant simulacrum (Vaults:3)
  An ettin zombie (Vaults:3)
  3 flying skulls
  A redback (shapeshifter) (Vaults:1)
  6 air elementals
  An alligator skeleton (Pan)
  13 spriggans
  An ice dragon skeleton (Pan)
  18 redbacks
  4 vampires
  64 ynoxinuls
  24 water elementals
  2 elf zombies (Depths:4)
  4 wraiths
  54 yaks
  5 wyverns
  A fire dragon skeleton (Pan)
  16 humans (D:13)
  5 shadows
  5 golden eyes
  3 tarantellas
  9 fire elementals
  2 spriggans (shapeshifter)
  A wyvern (shapeshifter) (Depths:5)
  4 hogs (Shoals:3)
  A human (shapeshifter) (Abyss:3)
  3 basilisks
  2 golden eyes (shapeshifter)
  2 human simulacra (Vaults:1)
  3 hungry ghosts
  34 neqoxecs
  2 steam dragons
  19 vampire mosquitoes
  43 chaos spawn
  A swamp worm (shapeshifter) (Depths:4)
  A yaktaur simulacrum (Vaults:3)
  30 nagas
  A mottled dragon (shapeshifter) (Depths:4)
  15 hippogriffs
  2 insubstantial wisps (Abyss:3)
  2 spatial vortices
  A harpy simulacrum (Abyss:3)
  7 mottled dragons
  8 wargs
  A soldier ant (D:13)
  17 hell hounds
  17 water moccasins
  3 swamp drakes
  2 giant eyeballs
  12 porcupines
  A spiny frog skeleton (Pan)
  4 sky beasts
  A black bear (shapeshifter) (Depths:3)
  6 wasps
  2 eyes of draining (shapeshifter)
  2 phantoms
  3 black bears
  6 ice beasts
  8 eyes of draining
  58 orc warriors
  7 boggarts
  23 wolves
  44 ogres
  21 centaurs
  15 crocodiles
  2 big kobolds (D:14)
  2 wyvern zombies
  A gnoll sergeant (D:7)
  27 giant frogs
  4 earth elementals
  A spiny frog simulacrum (Abyss:3)
  2 wyvern skeletons
  5 scorpions
  A water moccasin skeleton (D:12)
  3 killer bees (D:10)
  26 small abominations
  A killer bee (shapeshifter) (Vaults:1)
  25 wights
  9 howler monkeys
  8 electric eels
  17 crimson imps
  4 centaur zombies
  A giant frog zombie (D:10)
  6 quasits
  8 hounds
  33 orc priests
  2 giant frog skeletons
  2 gnoll shamans
  40 jellies
  38 orc wizards
  2 iron imps
  Terence (D:3)
  Jessica (D:2)
  7 hell rats
  14 iguanas
  Ijyb (D:3)
  10 worker ants
  15 sheep
  A hound zombie (D:6)
  A hound skeleton (D:9)
  12 mummies (Ossuary)
  Robin (D:3)
  2 worker ant zombies
  17 gnolls
  39 river rats
  15 adders
  4 shadow imps
  12 white imps
  3 ufetubi
  11 oozes
  3 adder skeletons
  3 worms
  5 ball lightnings (Pan)
  4 dart slugs
  6 giant geckos
  127 orcs
  11 bats
  9 giant cockroaches
  14 goblins
  11 hobgoblins
  16 jackals
  11 quokkas
  5 ball pythons
  A giant gecko skeleton (D:7)
  4 giant newts
  3 gnoll skeletons (Ossuary)
  2 goblin skeletons (Ossuary)
  14 kobolds
  3 orc skeletons (Ossuary)
  2 quokka zombies (D:7)
  7 rats
  11 rat skeletons (Ossuary)
  2 crawling corpses
  2 fire vortices (Pan)
  4 plants
  6 starspawn tentacles (Abyss:3)
3688 creatures vanquished.

Vanquished Creatures (others)
  Norris (D:13)
  3 eldritch tentacles (Pan)
  A deep elf sorcerer (Elf:2)
  A deep elf elementalist (Elf:3)
  A draconian annihilator (Pan)
  A stone giant (Depths:4)
  A corrupter (Pan)
  3 deep elf annihilators
  4 lorocyprocas (Pan)
  A black sun (Pan)
  2 merfolk javelineers
  2 blizzard demons (Pan)
  3 yaktaur captains
  A deep elf high priest (Elf:3)
  A spriggan air mage (Pan)
  A death knight (Abyss:3)
  A deep troll shaman (Depths:1)
  3 centaur warriors
  A satyr (Shoals:3)
  A deep elf knight (Elf:1)
  2 naga sharpshooters
  Sonja (D:11)
  A sun demon (Pan)
  4 giant orange brains (Pan)
  3 wizards
  6 deep elf archers
  2 large abominations (Abyss:3)
  An orc knight (Vaults:3)
  A deep elf mage (Elf:2)
  2 necromancers (Depths:3)
  2 cyclopes (D:15)
  A vault sentinel (Vaults:1)
  6 smoke demons (Pan)
  8 yaktaurs
  2 tengu conjurers
  4 hellwings
  A two-headed ogre (Vaults:3)
  A merfolk (Shoals:4)
  A slime creature (Slime:4)
  An air elemental (Depths:4)
  A water elemental (Elf:3)
  A ynoxinul (Pan)
  2 humans (Shoals:3)
  A giant eyeball (Elf:3)
  2 ogres
  8 centaurs
  A jelly (Slime:3)
  25 ball lightnings (Pan)
  2 blocks of ice (Pan)
  A crawling corpse (Elf:3)
  A demonic plant (Pan)
  367 eldritch tentacle segments (Pan)
  A fire vortex (Pan)
  25 fungi
  2 lurking horrors (Abyss:3)
  35 plants
  31 starspawn tentacles
  388 starspawn tentacle segments
  7 tentacles (Shoals:4)
  80 tentacle segments (Shoals:4)
1064 creatures vanquished.

Grand Total: 4752 creatures vanquished

Notes
Turn   | Place    | Note
--------------------------------------------------------------
     0 | D:1      | epen the Ghoul Monk began the quest for the Orb.
     0 | D:1      | Reached XP level 1. HP: 19/19 MP: 0/0
    71 | D:1      | Reached XP level 2. HP: 26/26 MP: 1/1
   283 | D:1      | Reached XP level 3. HP: 6/33 MP: 2/2
   661 | D:1      | Found a sparkling altar of Nemelex Xobeh.
   810 | D:2      | Reached XP level 4. HP: 25/40 MP: 3/3
   817 | D:2      | Reached skill level 5 in Unarmed Combat
  1080 | D:2      | Noticed Jessica
  1090 | D:2      | Killed Jessica
  1149 | D:2      | Reached XP level 5. HP: 45/46 MP: 4/4
  1882 | D:3      | Noticed Ijyb
  1884 | D:3      | Noticed Robin
  2008 | D:3      | Killed Robin
  2168 | D:3      | Found an oddly glowing altar of Pakellas.
  2178 | D:3      | Found a shattered altar of Ashenzari.
  2178 | D:3      | Found an iron altar of Okawaru.
  2180 | D:3      | Found an opulent altar of Gozag.
  2319 | D:3      | Noticed Terence
  2331 | D:3      | Killed Terence
  2331 | D:3      | Reached XP level 6. HP: 42/53 MP: 5/5
  2459 | D:3      | Killed Ijyb
  2600 | D:4      | Reached skill level 6 in Unarmed Combat
  2742 | D:4      | Found a staircase to the Ecumenical Temple.
  2751 | Temple   | Entered the Ecumenical Temple
  2790 | Temple   | Became a worshipper of Cheibriados the Contemplative
  2790 | Temple   | Reached * piety under Cheibriados
  2790 | Temple   | Reached ** piety under Cheibriados
  3037 | D:4      | Reached skill level 5 in Fighting
  3122 | D:4      | Found a glowing golden altar of the Shining One.
  3186 | D:4      | Reached XP level 7. HP: 60/61 MP: 6/6
  3191 | D:4      | Reached skill level 5 in Dodging
  3889 | D:5      | Entered Level 5 of the Dungeon
  4053 | D:5      | Reached *** piety under Cheibriados
  4053 | D:5      | Reached skill level 7 in Unarmed Combat
  4156 | D:5      | Reached XP level 8. HP: 66/70 MP: 7/7
  4654 | D:6      | Noticed an angel
  4654 | D:6      | Found a shimmering altar of Xom.
  4654 | D:6      | Found a glowing silver altar of Zin.
  4692 | D:6      | Found a sacrificial altar of Ru.
  4795 | D:6      | Reached skill level 8 in Unarmed Combat
  4885 | D:6      | Reached **** piety under Cheibriados
  4955 | D:6      | Reached skill level 1 in Invocations
  5020 | D:6      | Reached XP level 9. HP: 68/78 MP: 9/9
  5296 | D:6      | Reached skill level 9 in Unarmed Combat
  5565 | D:7      | Reached ***** piety under Cheibriados
  5752 | D:7      | Found Etirusotz's Food Shoppe.
  5855 | D:7      | Noticed Joseph
  5858 | D:7      | Found a sand-covered staircase.
  5864 | D:7      | Killed Joseph
  5864 | D:7      | Reached skill level 5 in Invocations
  5872 | Ossuary  | Entered an ossuary
  5996 | Ossuary  | Reached XP level 10. HP: 79/86 MP: 12/12
  6463 | D:7      | Reached skill level 1 in Armour
  6463 | D:7      | Reached skill level 10 in Unarmed Combat
  6618 | D:7      | Found a burning altar of Makhleb.
  7193 | D:8      | Killed an unseen horror
  7430 | D:8      | Reached ****** piety under Cheibriados
  7608 | D:8      | Found a shattered altar of Ashenzari.
  7997 | D:8      | Noticed a moth of wrath
  8005 | D:8      | Found a bloodstained altar of Trog.
  8629 | D:9      | Found a stormy altar of Qazlal.
  8660 | D:9      | Found Fewnoreq's Magic Scroll Emporium.
  9025 | D:9      | Got a distressingly furry leather armour
  9036 | D:9      | Identified the +5 leather armour of the Tortoise {+Blink} (You found it on level 9 of the Dungeon)
  9163 | D:10     | Entered Level 10 of the Dungeon
  9175 | D:10     | Reached XP level 11. HP: 60/94 MP: 15/15
  9464 | D:10     | Found a staircase to the Lair.
  9501 | D:10     | Got an ichor-stained war axe {drain}
  9512 | D:10     | Noticed a hill giant
  9519 | D:10     | Killed a hill giant
  9596 | D:10     | Reached skill level 11 in Unarmed Combat
 10254 | D:10     | Noticed a hill giant
 10260 | D:10     | Killed a hill giant
 10437 | D:11     | Noticed a hill giant
 10444 | D:11     | Killed a hill giant
 10457 | D:11     | Noticed a death knight
 10487 | D:11     | Killed a death knight
 10488 | D:11     | Noticed a hill giant
 10497 | D:11     | Killed a hill giant
 10555 | D:11     | Noticed a hill giant
 10566 | D:11     | Killed a hill giant
 10589 | D:11     | Noticed a cyclops
 10598 | D:11     | Killed a cyclops
 10660 | D:11     | Reached skill level 10 in Dodging
 10799 | D:11     | Noticed Sonja
 10922 | D:11     | Reached skill level 1 in Spellcasting
 10922 | D:11     | Reached XP level 12. HP: 104/104 MP: 17/17
 11057 | Lair:1   | Entered Level 1 of the Lair of Beasts
 11672 | Lair:2   | Reached skill level 12 in Unarmed Combat
 11930 | Lair:2   | Learned a level 1 spell: Summon Butterflies
 12731 | Lair:3   | Noticed a six-headed hydra
 12738 | Lair:3   | Killed a six-headed hydra
 12754 | Lair:3   | Reached skill level 5 in Armour
 12758 | Lair:3   | Reached skill level 10 in Invocations
 12927 | Lair:3   | Found a staircase to the Snake Pit.
 13112 | Lair:3   | Reached XP level 13. HP: 96/113 MP: 19/19
 13159 | Lair:3   | Found a staircase to the Shoals.
 13812 | Lair:4   | Reached skill level 10 in Fighting
 14107 | Lair:4   | Reached skill level 13 in Unarmed Combat
 15360 | Lair:6   | Noticed Nessos
 15369 | Lair:6   | Killed Nessos
 16238 | Lair:7   | Found a labyrinth entrance.
 16257 | Lair:7   | Reached XP level 14. HP: 83/122 MP: 19/21
 16264 | Lab      | Entered a labyrinth
 16506 | Lab      | Got a flickering platinum amulet
 16508 | Lab      | Identified the amulet of Efuipneo {Reflect +Inv rElec rPois Int+3 SH+5} (You found it in a labyrinth)
 16613 | Lair:7   | Noticed Rupert
 16618 | Lair:7   | Paralysed by Rupert for 2 turns
 16632 | Lair:7   | Killed Rupert
 16632 | Lair:7   | Reached skill level 14 in Unarmed Combat
 17392 | Lair:8   | Entered Level 8 of the Lair of Beasts
 17410 | Lair:8   | Found an oddly glowing altar of Pakellas.
 17528 | Lair:8   | Found a staircase to the Slime Pits.
 17529 | Lair:8   | Found a viscous altar of Jiyva.
 17843 | Lair:8   | Got a translucent copper amulet
 18770 | Lair:8   | Reached XP level 15. HP: 129/129 MP: 23/23
 19054 | D:12     | Reached skill level 1 in Shields
 19448 | D:12     | Found a sparkling altar of Nemelex Xobeh.
 19553 | D:12     | Found a staircase to the Orcish Mines.
 19870 | D:12     | Identified a scroll of acquirement
 19898 | D:13     | Found a gate to the Vaults.
 19898 | D:13     | Noticed Donald
 19898 | D:13     | Noticed Norris
 19914 | D:13     | Noticed Azrael
 19914 | D:13     | Killed Donald
 19920 | D:13     | Paralysed by something for 5 turns
 19920 | D:13     | Killed Norris
 19920 | D:13     | Reached skill level 15 in Unarmed Combat
 19936 | D:13     | Killed Azrael
 20826 | D:13     | Found Asook's Armour Boutique.
 21537 | D:14     | Identified the amulet "Kiyrch" {Inacc rF- Int+3 Dex+4} (You found it on level 8 of the Lair of Beasts)
 22120 | D:14     | Reached XP level 16. HP: 137/139 MP: 25/25
 22133 | D:15     | Entered Level 15 of the Dungeon
 22453 | D:15     | Found a staircase to the Depths.
 22517 | D:15     | Found a blossoming altar of Fedhas.
 22518 | D:15     | Found a burning altar of Makhleb.
 22518 | D:15     | Found a glowing silver altar of Zin.
 22601 | D:15     | Noticed a tengu reaver
 22608 | D:15     | Killed a tengu reaver
 22889 | D:15     | Reached skill level 16 in Unarmed Combat
 22901 | D:15     | Noticed a storm dragon
 22918 | D:15     | Killed a storm dragon
 23070 | D:15     | Noticed a shadow dragon
 23102 | D:15     | Killed a shadow dragon
 23102 | D:15     | Reached skill level 10 in Armour
 23210 | D:15     | Noticed a tengu reaver
 23223 | D:15     | Killed a tengu reaver
 23717 | Orc:1    | Entered Level 1 of the Orcish Mines
 23717 | Orc:1    | Found Qoilayn's Book Boutique.
 23737 | Orc:1    | Found Luef's Antique Weapon Boutique.
 23785 | Orc:1    | Noticed Snorg
 23790 | Orc:1    | Killed Snorg
 23810 | Orc:1    | Bought a book of the Sky for 780 gold pieces
 23820 | Orc:1    | Learned a level 6 spell: Deflect Missiles
 23828 | Orc:1    | Found Anarojum's Antique Weapon Boutique.
 23836 | Orc:1    | Found a burning altar of Makhleb.
 23853 | Orc:1    | Paralysed by an orc sorcerer for 7 turns
 23926 | Orc:1    | You fall through a shaft!
 23926 | Orc:2    | Entered Level 2 of the Orcish Mines
 23942 | Orc:2    | Reached XP level 17. HP: 147/147 MP: 26/26
 23978 | Orc:2    | Found a staircase to the Elven Halls.
 23997 | Orc:2    | Noticed Maud
 24015 | Orc:2    | Killed Maud
 24015 | Orc:2    | Reached skill level 5 in Shields
 24039 | Orc:1    | Reached skill level 1 in Charms
 24045 | Orc:1    | Found Ozuatej's Food Shoppe.
 24774 | Orc:2    | Reached skill level 1 in Air Magic
 24835 | Orc:2    | Found Ekual's Assorted Antiques.
 24835 | Orc:2    | Found Gablarph's Magic Scroll Shop.
 24837 | Orc:2    | Found Keerigh's Distillery.
 24837 | Orc:2    | Found Bilashri's Assorted Antiques.
 24885 | Orc:2    | Bought a scroll of torment for 82 gold pieces
 24885 | Orc:2    | Bought a scroll of teleportation for 33 gold pieces
 24885 | Orc:2    | Bought a scroll of teleportation for 33 gold pieces
 24889 | Orc:2    | Bought a scroll of identify for 58 gold pieces
 24890 | Orc:2    | Bought a potion of curing for 45 gold pieces
 24890 | Orc:2    | Bought a potion of curing for 45 gold pieces
 24890 | Orc:2    | Bought a potion of curing for 45 gold pieces
 24890 | Orc:2    | Bought a potion of curing for 45 gold pieces
 24892 | Orc:2    | Bought a scroll of blinking for 225 gold pieces
 24892 | Orc:2    | Bought a scroll of teleportation for 90 gold pieces
 24892 | Orc:2    | Bought a scroll of magic mapping for 105 gold pieces
 24892 | Orc:2    | Bought a potion of curing for 90 gold pieces
 24952 | Orc:1    | Found Fin Ollo's Antique Weapon Shoppe.
 25408 | Shoals:1 | Entered Level 1 of the Shoals
 25419 | Shoals:1 | Found Oxtil's Food Shoppe.
 25629 | Shoals:1 | Reached skill level 5 in Spellcasting
 26250 | Shoals:2 | Reached skill level 15 in Invocations
 26641 | Shoals:2 | Found an oddly glowing altar of Pakellas.
 26921 | Shoals:3 | Noticed Kirke
 27229 | Shoals:3 | Killed Kirke
 27797 | Shoals:3 | Reached XP level 18. HP: 145/155 MP: 28/28
 27930 | Shoals:4 | Entered Level 4 of the Shoals
 28188 | Shoals:4 | Reached skill level 17 in Unarmed Combat
 28560 | Shoals:4 | Found Plog's Assorted Antiques.
 28570 | Shoals:4 | Bought a scroll of teleportation for 108 gold pieces
 28785 | Shoals:4 | Noticed Polyphemus
 28800 | Shoals:4 | Killed Polyphemus
 28813 | Shoals:4 | Reached skill level 5 in Charms
 29437 | Shoals:4 | Noticed Ilsuiw
 29463 | Shoals:4 | Reached skill level 5 in Air Magic
 29744 | Shoals:4 | Killed Ilsuiw
 30336 | Shoals:4 | Got a barnacled rune of Zot
 31035 | Vaults:1 | Entered Level 1 of the Vaults
 31086 | Vaults:1 | Cast into level 2 of the Abyss (an ogre mage)
 31175 | Abyss:2  | Reached XP level 19. HP: 135/161 MP: 29/29
 31451 | Vaults:1 | Escaped the Abyss
 32150 | Vaults:1 | Noticed a Tzitzimitl
 32152 | Vaults:1 | Noticed a Brimstone Fiend
 33509 | Vaults:1 | Reached XP level 20. HP: 172/172 MP: 31/31
 34738 | Vaults:2 | Found a staircase to the Crypt.
 34738 | Vaults:2 | Found an ancient bone altar of Kikubaaqudgha.
 34739 | Vaults:2 | Found a basalt altar of Yredelemnul.
 35060 | Vaults:2 | Noticed Aizul
 35082 | Vaults:2 | Killed Aizul
 35436 | Vaults:2 | Paralysed by a sphinx for 5 turns
 35683 | Vaults:2 | Cast into level 3 of the Abyss (a deep elf sorcerer)
 36573 | Abyss:3  | Found a corrupted altar of Lugonu.
 36641 | Abyss:3  | Noticed a bone dragon
 36658 | Abyss:3  | Killed a bone dragon
 36676 | Abyss:3  | Reached XP level 21. HP: 128/179 MP: 32/32
 36766 | Abyss:3  | Paralysed by accursed screaming for 1 turns
 36803 | Abyss:3  | Found a corrupted altar of Lugonu.
 37184 | Abyss:3  | Noticed a bone dragon
 37200 | Abyss:3  | Killed a bone dragon
 38365 | Vaults:2 | Escaped the Abyss
 38372 | Vaults:2 | Reached skill level 10 in Charms
 39089 | Vaults:3 | Found a magical portal.
 39098 | WizLab   | Entered The Hall of Vutapp the Hellbinder
 39124 | WizLab   | Noticed a Tzitzimitl
 39213 | WizLab   | Cast into level 3 of the Abyss (a deep elf demonologist)
 39485 | Abyss:3  | Reached XP level 22. HP: 123/189 MP: 21/34
 39489 | WizLab   | Escaped the Abyss
 40477 | WizLab   | Found a burning altar of Makhleb.
 40520 | WizLab   | Identified the Papyrus of Companions (You found it in a wizard's laboratory)
 40554 | WizLab   | Identified Rimiom's Papyrus of Love and Death
 42185 | D:11     | Killed Sonja
 42276 | Snake:1  | Entered Level 1 of the Snake Pit
 42876 | Snake:2  | Noticed Agnes
 42887 | Snake:2  | Killed Agnes
 43119 | Snake:2  | Reached skill level 10 in Air Magic
 43260 | Snake:2  | Reached skill level 18 in Unarmed Combat
 43339 | Snake:2  | Reached skill level 15 in Fighting
 44347 | Snake:3  | Found a shimmering altar of Xom.
 44349 | Snake:3  | Reached XP level 23. HP: 199/199 MP: 35/35
 44619 | Snake:3  | Found a deep blue altar of Sif Muna.
 45203 | Snake:4  | Entered Level 4 of the Snake Pit
 46794 | Snake:4  | Got a serpentine rune of Zot
 46949 | Snake:4  | Reached skill level 15 in Dodging
 47381 | Elf:1    | Entered Level 1 of the Elven Halls
 47466 | Elf:1    | Paralysed by an orc sorcerer for 7 turns
 47718 | Elf:1    | Found a roughly hewn altar of Beogh.
 48232 | Elf:1    | Identified the Guide on Supportive Blows and Bruises
 49108 | Elf:2    | Reached skill level 10 in Shields
 49117 | Elf:2    | Reached XP level 24. HP: 207/207 MP: 35/35
 49290 | Elf:2    | Found a runed gate.
 49290 | Elf:2    | Found a runed gate.
 49292 | Elf:2    | Found a runed gate.
 49335 | Elf:3    | Entered Level 3 of the Elven Halls
 50030 | Elf:3    | Cast into level 3 of the Abyss (a deep elf sorcerer)
 50039 | Abyss:3  | Found a corrupted altar of Lugonu.
 50044 | Abyss:3  | Found a corrupted altar of Lugonu.
 50114 | Abyss:3  | Paralysed by accursed screaming for 1 turns
 50241 | Elf:3    | Escaped the Abyss
 50532 | Elf:3    | Got a translucent turquoise ring
 50534 | Elf:3    | Identified the ring of Jutamp {+Fly MP+9} (You found it on level 3 of the Elven Halls)
 50546 | Elf:3    | Identified Kinih's Volume of Ashen Weightlessness (You found it on level 3 of the Elven Halls)
 50602 | Elf:3    | Identified the Almanac of Shape Shifting and the Entourage
 50708 | Elf:3    | Cast into level 3 of the Abyss (a deep elf sorcerer)
 50732 | Abyss:3  | Found a corrupted altar of Lugonu.
 50977 | Abyss:3  | Paralysed by accursed screaming for 1 turns
 51031 | Abyss:3  | Got an abyssal rune of Zot
 51045 | Elf:3    | Escaped the Abyss
 51394 | Elf:3    | Got a shimmering zirconium amulet
 51458 | Elf:3    | Cast into level 3 of the Abyss (a deep elf sorcerer)
 51498 | Elf:3    | Escaped the Abyss
 51569 | Elf:3    | Identified the amulet "Ivva" {RegenMP rN+} (You took it off a deep elf annihilator on level 3 of the Elven Halls)
 51841 | Elf:3    | Reached skill level 1 in Evocations
 52216 | Elf:3    | Got a slimy lapis lazuli ring
 52449 | Elf:3    | Paralysed by a giant eyeball for 4 turns
 52759 | Elf:3    | Identified the ring "Finypn" {SustAt rF- Int+8 Dex-3 Stlth+} (You took it off a deep elf annihilator on level 3 of the Elven Halls)
 52822 | Elf:3    | Reached XP level 25. HP: 214/214 MP: 35/35
 52967 | Elf:3    | Upgraded the game from 0.19-a0-32-gbfd796a to 0.19-a0-36-g4a0968a
 53250 | Depths:1 | Entered Level 1 of the Depths
 53262 | Depths:1 | Paralysed by a sphinx for 4 turns
 53272 | Depths:1 | Noticed Sojobo
 53315 | Depths:1 | Killed Sojobo
 53315 | Depths:1 | Reached skill level 5 in Evocations
 53927 | Depths:1 | Reached skill level 15 in Charms
 54204 | Depths:1 | Got a translucent brass amulet
 54205 | Depths:1 | Identified the amulet "Pugoamosk" {+Rage Dex+3} (You found it on level 1 of the Depths)
 54406 | Depths:1 | Found a one-way gate leading to the halls of Pandemonium.
 54415 | Depths:1 | Noticed Nikola
 54430 | Depths:1 | Killed Nikola
 54509 | Depths:1 | Found a gateway to Hell.
 56333 | Depths:2 | Noticed a juggernaut
 56351 | Depths:2 | Killed a juggernaut
 56357 | Depths:2 | Cast into level 4 of the Abyss (a lich)
 56477 | Depths:2 | Escaped the Abyss
 57118 | Depths:3 | Reached XP level 26. HP: 224/224 MP: 35/35
 57524 | Depths:3 | Found a runed door.
 57700 | Depths:3 | Paralysed by a great orb of eyes for 7 turns
 57810 | Depths:3 | Got a slimy wooden ring
 57811 | Depths:3 | Identified the ring of Gacre {rF+ rN+ Str-4 Dex+5 SInv} (You found it on level 3 of the Depths)
 57927 | Depths:4 | Reached skill level 19 in Unarmed Combat
 58207 | Depths:4 | Found a one-way gate to the infinite horrors of the Abyss.
 58551 | Depths:4 | Noticed a juggernaut
 59214 | Depths:4 | Killed a juggernaut
 59264 | Depths:4 | Identified Wuluc's Volume of Igneous Beguiling
 59357 | Depths:5 | Entered Level 5 of the Depths
 59502 | Depths:5 | Found a flickering gateway to a bazaar.
 59524 | Bazaar   | Entered a bazaar
 59525 | Bazaar   | Found Nolydiog's Assorted Antiques.
 59533 | Bazaar   | Bought a potion of curing for 96 gold pieces
 59533 | Bazaar   | Bought a scroll of fog for 64 gold pieces
 59534 | Bazaar   | Found Apnuuhak's Book Emporium.
 59538 | Bazaar   | Found Lozahiza's Gadget Shop.
 59541 | Bazaar   | Found Zaolakei's General Store.
 59551 | Bazaar   | Bought a scroll of teleportation for 33 gold pieces
 59551 | Bazaar   | Bought a scroll of remove curse for 33 gold pieces
 59555 | Bazaar   | Found Osiast's Food Emporium.
 59605 | Bazaar   | Bought a box of beasts for 640 gold pieces
 59825 | Depths:5 | Found a gateway to a ziggurat.
 60232 | Depths:5 | Found a gate to the Realm of Zot.
 60303 | Depths:5 | Reached XP level 27. HP: 148/232 MP: 35/35
 60814 | Depths:5 | Reached skill level 10 in Evocations
 60929 | Zig:1    | Entered Level 1 of a ziggurat
 60956 | Zig:2    | Entered Level 2 of a ziggurat
 60998 | Zig:3    | Entered Level 3 of a ziggurat
 61041 | Zig:4    | Entered Level 4 of a ziggurat
 61090 | Zig:4    | Got an encrusted helmet
 61093 | Zig:4    | Identified the +0 helmet of the Farrier {+Fly Int+3 Dex+3 SInv} (You found it on level 4 of a ziggurat)
 61246 | Zig:5    | Entered Level 5 of a ziggurat
 61259 | Zig:5    | Reached skill level 20 in Unarmed Combat
 61294 | Zig:5    | Got a heavily runed jade ring
 61300 | Zig:5    | Identified the ring of Doubts {rElec Str+3 Int+4} (You found it on level 5 of a ziggurat)
 61324 | Zig:6    | Entered Level 6 of a ziggurat
 61439 | Zig:7    | Entered Level 7 of a ziggurat
 61460 | Zig:7    | Reached skill level 15 in Armour
 61539 | Zig:7    | Identified the Disquisition on Creation and Beguiling
 61542 | Zig:7    | Identified Sif Muna's Collected Works on Hurtful Moulding
 61546 | Zig:7    | Got a flickering copper ring
 61550 | Zig:7    | Identified the ring of Day {rPois Str+2 Int+2 SInv} (You found it on level 7 of a ziggurat)
 61558 | Zig:8    | Entered Level 8 of a ziggurat
 61567 | Zig:8    | Noticed a juggernaut
 61604 | Zig:8    | Killed a juggernaut
 61730 | Zig:9    | Entered Level 9 of a ziggurat
 61872 | Zig:10   | Entered Level 10 of a ziggurat
 61896 | Zig:10   | Noticed an orb of fire
 61896 | Zig:10   | Noticed an orb of fire
 61908 | Zig:10   | Killed an orb of fire
 61920 | Zig:10   | Killed an orb of fire
 62512 | Slime:1  | Entered Level 1 of the Pits of Slime
 62516 | Slime:1  | Reached skill level 15 in Air Magic
 63102 | Slime:6  | Entered Level 6 of the Pits of Slime
 63253 | Slime:6  | Noticed the Royal Jelly
 63611 | Slime:6  | Found a viscous altar of Jiyva.
 64225 | Slime:6  | Killed the Royal Jelly
 64736 | Slime:6  | Got a pitted ruby amulet
 64738 | Slime:6  | Identified the amulet of Linearity {+Rage rElec rC- Str+6} (You found it on level 6 of the Pits of Slime)
 64868 | Slime:6  | Got a slimy rune of Zot
 65313 | Pan      | Entered Pandemonium
 65484 | Pan      | Noticed Utuh the pandemonium lord
 65499 | Pan      | Killed Utuh the pandemonium lord
 65601 | Pan      | Found an exit through the horrors of the Abyss.
 65684 | Pan      | Got a warped cloak
 65685 | Pan      | Identified the -4 cloak of the Special Ships {Str-5 Int+5} (You acquired it in Pandemonium)
 65851 | Pan      | Noticed Qyitea Waczu the pandemonium lord
 65882 | Pan      | Killed Qyitea Waczu the pandemonium lord
 66228 | Pan      | Learned a level 2 spell: Blink
 66266 | Pan      | Noticed Jaebloru the pandemonium lord
 66291 | Pan      | Reached skill level 1 in Translocations
 66293 | Pan      | Reached skill level 21 in Unarmed Combat
 66977 | Pan      | Killed Jaebloru the pandemonium lord
 67953 | Pan      | Noticed Mennas
 67963 | Pan      | Killed Mennas
 67966 | Pan      | Found an exit through the horrors of the Abyss.
 68008 | Pan      | Noticed Mivorirgh the pandemonium lord
 68030 | Pan      | Killed Mivorirgh the pandemonium lord
 68437 | Pan      | Entered the realm of Gloorx Vloq.
 68545 | Pan      | Reached skill level 5 in Translocations
 68777 | Pan      | Noticed Gloorx Vloq
 68910 | Pan      | Killed Gloorx Vloq
 69151 | Pan      | Got a dark rune of Zot
 69413 | Pan      | Found an exit through the horrors of the Abyss.
 69496 | Pan      | Noticed Guduedax the pandemonium lord
 69521 | Pan      | Killed Guduedax the pandemonium lord
 69984 | Pan      | Noticed Maadd the pandemonium lord
 70011 | Pan      | Killed Maadd the pandemonium lord
 70288 | Pan      | Noticed Letiblou the pandemonium lord
 70306 | Pan      | Killed Letiblou the pandemonium lord
 70394 | Pan      | Found an exit through the horrors of the Abyss.
 70442 | Pan      | Reached skill level 22 in Unarmed Combat
 70693 | Pan      | Noticed Suot the pandemonium lord
 70708 | Pan      | Killed Suot the pandemonium lord
 70773 | Pan      | Entered the realm of Mnoleg.
 70799 | Pan      | Found an ancient bone altar of Kikubaaqudgha.
 70823 | Pan      | Got a wavering jade amulet
 70828 | Pan      | Identified the amulet "Anascheergh" {Harm *Drain *Contam Int+4} (You found it in Pandemonium)
 71620 | Pan      | Found an exit through the horrors of the Abyss.
 71875 | Pan      | Noticed Mnoleg
 71881 | Pan      | Paralysed by a giant eyeball for 2 turns
 71888 | Pan      | Paralysed by a giant eyeball for 2 turns
 72640 | Pan      | Paralysed by a giant eyeball for 2 turns
 72651 | Pan      | Paralysed by a giant eyeball for 4 turns
 72673 | Pan      | Killed Mnoleg
 73144 | Pan      | Got a glowing rune of Zot
 73443 | Pan      | Entered the realm of Cerebov.
 73878 | Pan      | Found an exit through the horrors of the Abyss.
 74666 | Pan      | Noticed Cerebov
 74715 | Pan      | Reached skill level 10 in Translocations
 75205 | Pan      | Identified a +6 rod of clouds (9/9) (You took it off an efreet in Pandemonium)
 75274 | Pan      | Got a faintly glowing silver ring
 75475 | Pan      | Killed Cerebov
 75475 | Pan      | Reached skill level 23 in Unarmed Combat
 75708 | Pan      | Identified the ring of Intanaha {rF+ Str+4} (You took it off a balrug in Pandemonium)
 75776 | Pan      | Got a fiery rune of Zot
 76138 | Pan      | Found an exit through the horrors of the Abyss.
 76458 | Pan      | Noticed Diorux the pandemonium lord
 76472 | Pan      | Killed Diorux the pandemonium lord
 76575 | Pan      | Noticed Yczar the pandemonium lord
 76649 | Pan      | Killed Yczar the pandemonium lord
 76836 | Pan      | Found an exit through the horrors of the Abyss.
 76922 | Pan      | Entered the realm of Lom Lobon.
 76922 | Pan      | Noticed Lom Lobon
 76935 | Pan      | Got a magical rune of Zot
 77234 | Pan      | Found an exit through the horrors of the Abyss.
 77474 | Pan      | Found an exit through the horrors of the Abyss.
 77499 | Pan      | Noticed Jepaham the pandemonium lord
 77531 | Pan      | Killed Jepaham the pandemonium lord
 77971 | Pan      | Noticed Nuokhu the pandemonium lord
 78005 | Pan      | Killed Nuokhu the pandemonium lord
 78005 | Pan      | Reached skill level 15 in Evocations
 78142 | Pan      | Noticed Lom Lobon
 79454 | Pan      | Reached skill level 24 in Unarmed Combat
 79456 | Pan      | Killed from afar by Lom Lobon

Vault maps used:
D:1:      saegor_arrival_simple_e, corner_web_ring,
          nemelex_xobeh_ov_fountains_minmay
D:2:      nicolae_overflow_hidden_temple, uniq_jessica
D:3:      minitemple, uniq_terence, uniq_robin, uniq_iyjb
D:4:      nicolae_overflow_crystal_walls, minmay_temple_entry_grid,
          gup_sewer_entry_spiral, first_bread, kennysheep_decorative_pillar
D:6:      grunt_temple_overflow_order_and_chaos_1, nicolae_ru_path_of_blood,
          grunt_potential
D:7:      overflow_temple_1_default, serial_shops, shop, enter_ossuary_4,
          uniq_joseph
D:8:      tgw_trog, hangedman_little_slice_of_home, nicolae_ashenzari_panopticon
D:9:      basic_altar, serial_shops, nicolae_shop_waterfront
D:10:     david_lair_shrubbed, hive_lemuel
D:11:     uniq_sonja
D:12:     orc_0_dummy, basic_altar
D:13:     david_vaults_3, serial_shops, nicolae_shop_window_shopping,
          fountainhead, uniq_azrael
D:14:     kennysheep_big_empty_room
D:15:     hangedman_slaughterboxes
Temple:   minmay_temple_bridge_d_8
Lair:3:   elwin_shoals_entry_stream, guppyfry_snake_entry_island,
          serial_bayou_shore_b
Lair:4:   grunt_megastairs_2
Lair:5:   serial_bayou_crossing, grunt_megastairs_3
Lair:6:   grunt_megastairs_5, lemuel_fruit_tree, uniq_nessos
Lair:7:   lab_entry_generic, uniq_rupert
Lair:8:   minmay_lair_end_enchanted_forest, slime_altar_1, basic_altar
Shoals:1: serial_shops, nicolae_shop_waterfront
Shoals:2: lemuel_centaur_altar
Shoals:3: uniq_kirke
Shoals:4: shoals_end_hangedman, shoals_ilsuiw_alternative, serial_shops, shop,
          nicolae_shoals_square_sea_wall, dpeg_stationary_puzzle,
          uniq_polyphemus
Snake:2:  serial_bayou_pond_d, grunt_ministairs_7, serial_bayou_lake_a,
          uniq_agnes
Snake:3:  st_stairs_10, hangedman_feature_mirror, serial_bayou_shore_b
Snake:4:  snake_pit, spider_trap
Orc:1:    serial_shops, nicolae_shop_waterfront, nicolae_shop_stone, shop, shop,
          nicolae_shop_stone, basic_altar, nicolae_orc_crystal_geode, uniq_snorg
Orc:2:    grunt_orc_tribal_feast, uniq_maud
Elf:1:    eino_elf_arrival_customs, special_room, minmay_elf_sorcery
Elf:3:    minmay_elf_hall_hex, onia_ninara_cookie
Vaults:1: hangedman_vaults_river_flow, nicolae_vaults_triangles, v_misc_3,
          nicolae_vaults_ninety_degrees, vaults_room_pool,
          nicolae_vaults_fighting_squares, v_misc_12,
          nicolae_vaults_windows_and_doors_thing, vaults_dpeg_encased_lava,
          vaults_room_semicircle, nicolae_vaults_little_squares_1,
          vaults_room_semicircle, vaults_dpeg_ring, grunt_vaults_hallway_short,
          vaults_room_ringed_pool
Vaults:2: v_misc_1, v_alt_pattern_4, minmay_crypt_entry_necro_gods,
          nicolae_vaults_what_the_h, hangedman_vaults_nails,
          nicolae_vaults_diagonal_hallway_8, v_alt_pattern_2,
          ontoclasm_vaults_misaligned, v_misc_8,
          nicolae_vaults_little_squares_2, vaults_standard_mumra_lines,
          nicolae_vaults_mini_display_case, uniq_aizul
Vaults:3: nicolae_vaults_diagonal_hallway_8, nicolae_vaults_statue_guard,
          vaults_room_corners, ontoclasm_vaults_bender, vaults_dpeg_hooks,
          hangedman_vaults_hat, v_misc_3, v_pattern_5, v_alt_pattern_6,
          vaults_room_fours, nicolae_vaults_ring_of_whatevers,
          infiniplex_enter_wizlab_glasses
Depths:1: rand_demon_pan_entry_7, hell_entry, nrook_uturn, grunt_ministairs_1,
          roderic_roman_lattice, minivault_14, serial_bayou_pond_e,
          nrook_mini_backslash, minmay_misc_feat_x, spider_trap, abandoned_shop,
          st_stairs_13, minmay_acid_items, uniq_sojobo, uniq_nikola
Depths:2: evilmike_horseshoe, lightli_too_deep, hangedman_decor_push,
          infiniplex_staircase_diamond
Depths:3: mludivico_vault, hell_entry, rand_demon_pan_entry_5,
          small_statue_intersection, minmay_misc_feat_nine_boxes,
          minmay_staircase_windowed_large
Depths:4: kennysheep_water_balloons, serial_bayou_pond_d, hell_entry,
          abyss_entry, minmay_misc_feat_hallway, minmay_staircase_statues
Depths:5: grunt_zot_entry_bicorn, enter_ziggurat_f, hangedman_tar_grid_catacomb,
          serial_shops, bzr_entry_islet, columned_hall_lemuel
Abyss:2:  evilmike_abyss_exit_10
Abyss:3:  hangedman_abyss_batty_box, hangedman_abyss_rune_flesh_and_stone,
          evilmike_abyss_exit_3, hangedman_decor_riveting,
          evilmike_abyss_exit_14, small_statue_intersection,
          hangedman_abyss_or_decor_clamps
Abyss:4:  hangedman_decor_peaks_small, guppyfry_abyss_exit_spiral_guarded
Pan:      evilmike_mini_pan_3x3, nicolae_pan_giant_door,
          pan_blood_fountain_small, rand_demon_9, pan_blood_fountain_2,
          grunt_pan_spiral, rand_demon_8, nicolae_pan_gloorx_vloqian_2,
          nicolae_pan_glass_arcs, rand_demon_8, uniq_mennas_pan,
          grunt_pan_sceptre, gloorx_vloq_grunt, nicolae_pan_door_chamber,
          pan_disco_hall, lemuel_hellion_island, pan_blood_fountain,
          grunt_pan_pentagram, nicolae_pan_sigil_nadil, pan_surprise, mnoleg,
          evilmike_cerebov_lava, nicolae_pan_sigil_obb, grunt_pan_pentagram,
          rand_demon_3, nicolae_pan_cerebovesque_1, rand_demon_6, rand_demon_6,
          evilmike_mini_pan_thingy, pan_blood_fountain_small,
          nicolae_pan_lom_lobonic_2, lom_lobon_grunt_wind_tunnels,
          nicolae_pan_sick_transit, grunt_pan_in_and_out,
          evilmike_mini_pan_branches, uniq_lom_lobon, pan_blood_fountain_small
Zig:1:    ziggurat_loot_3
Zig:4:    ziggurat_pillar_centre_c
Zig:8:    ziggurat_pillar_centre_dead_trees
Lab:      labyrinth_mini_lab, nicolae_lab_dead_end, nicolae_lab_x,
          nicolae_lab_plus
Bazaar:   bazaar_kb_twisted_cavern
Ossuary:  ossuary_due_small_catacomb
WizLab:   wizlab_demon

Skill      XL: |  1  2  3  4  5  6  7  8  9 10 11 12 13 14 15 16 17 18 19 20 21 22 23 24 25 26 27 |
---------------+----------------------------------------------------------------------------------+-----
Dodging        | 3 4 5 6 7 9 10 11 12 13 14 15 18 | 18.2
Fighting       | 4 5 6 7 8 9 10 11 12 13 14 15 16 19 | 19.4
Unarmed Combat | 5 6 7 8 9 10 11 12 13 14 15 16 17 18 19 24 | 24.0
Invocations    | 1 5 7 8 10 11 12 13 14 15 16 17 18 | 18.6
Armour         | 2 3 5 6 7 9 10 11 12 13 14 19 | 19.2
Spellcasting   | 1 3 4 5 6 7 8 9 |  9.1
Shields        | 3 4 5 6 7 8 9 10 14 | 14.5
Charms         | 4 6 7 9 10 11 12 14 15 16 | 16.5
Air Magic      | 3 5 7 8 9 10 11 13 14 15 | 15.3
Evocations     | 4 8 9 15 | 15.2
Translocations | 10 | 10.9
Stealth        | |  2.1

Action                   |  1- 3 |  4- 6 |  7- 9 | 10-12 | 13-15 | 16-18 | 19-21 | 22-24 | 25-27 || total
-------------------------+-------+-------+-------+-------+-------+-------+-------+-------+-------++-------
Melee: Unarmed           |   120 |   227 |   396 |   721 |  1319 |  1856 |  1919 |  2440 |  6103 || 15101
       Punch             |     2 |     6 |    19 |    74 |    67 |       |       |       |       ||   168
 Cast: Deflect Missiles  |       |       |       |       |       |       |       |       |     8 ||     8
       Blink             |       |       |       |       |       |       |       |       |     3 ||     3
Invok: Slouch            |       |       |       |     1 |    14 |    13 |    24 |    14 |    52 ||   118
       Step From Time    |       |       |       |       |       |     1 |     1 |       |       ||     2
 Abil: Evoke Invisibilit |       |       |       |       |       |       |       |       |     1 ||     1
       Evoke Flight      |       |       |       |       |       |       |       |       |     1 ||     1
Evoke: Wand              |       |       |       |       |       |       |       |       |    13 ||    13
       Box of beasts     |       |       |       |       |       |       |       |       |     2 ||     2
  Use: Scroll            |       |     8 |       |    14 |    21 |     7 |     5 |    14 |    34 ||   103
       Potion            |       |       |       |     1 |     2 |     2 |     2 |     2 |    13 ||    22
 Stab: Sleeping          |     4 |     5 |    20 |    24 |     4 |       |       |       |       ||    57
       Distracted        |       |       |       |     5 |     2 |     2 |       |       |     3 ||    12
       Petrifying        |       |       |       |       |       |       |       |       |     2 ||     2
  Eat: Chunk             |    10 |    14 |    31 |    55 |   101 |   106 |    60 |   107 |   211 ||   695
       Beef jerky        |       |       |       |       |       |       |     1 |       |     2 ||     3
       Meat ration       |       |       |       |       |       |       |       |       |     3 ||     3
Armor: Robe              |    26 |    41 |    28 |    13 |       |       |       |       |       ||   108
       Leather armour    |       |       |       |    45 |    69 |       |       |       |       ||   114
       Crystal plate arm |       |       |       |       |    86 |       |       |       |       ||    86
       Gold dragon armou |       |       |       |       |   189 |   515 |   430 |   439 |  1770 ||  3343
Dodge: Dodged            |   106 |   146 |   302 |   658 |  1263 |  1643 |  1330 |  1426 |  4803 || 11677
       Deflected         |       |       |       |       |       |       |       |       |   108 ||   108
Block: Other             |       |     2 |    29 |    79 |   142 |       |       |       |       ||   252
       Buckler           |       |       |       |       |   371 |   648 |       |       |       ||  1019
       Reflection        |       |       |       |       |    26 |   124 |   133 |   214 |   151 ||   648
       Shield            |       |       |       |       |       |  1318 |  1763 |  2188 |  4536 ||  9805
       Large shield      |       |       |       |       |       |       |       |       |  3512 ||  3512
